 Dungeon Crawl Stone Soup version 0.29.1-12-g30fa7ad0bf (webtiles) character file.

Game seed: 8926331645966934025

1210 sanboga the Ruffian (level 8, 0/79 HPs)
             Began as a Troll Berserker on Dec 24, 2022.
             Was a Priest of Trog.
             Succumbed to a scorpion's poison
             ... in an ossuary.
             The game lasted 00:04:25 (3019 turns).

sanboga the Ruffian (Troll Berserker)               Turns: 3019, Time: 00:04:26

Health: 0/79       AC:  5    Str: 28    XL:     8   Next: 22%
Magic:  7/7        EV: 10    Int:  3    God:    Trog [***...]
Gold:   170        SH:  0    Dex:  9    Spells: 7/7 levels left

rFire   + . .      SeeInvis .     - Unarmed
rCold   . . .      Faith    .   (no shield)
rNeg    . . .      Spirit   .   a - +1 animal skin
rPois   .          Reflect  .   (helmet restricted)
rElec   .          Harm     .   (no cloak)
rCorr   .          Rampage  .   (gloves unavailable)
Will    .....                   (boots unavailable)
Stlth   +.........              (no amulet)
HPRegen 1.03/turn               l - ring of protection from fire
MPRegen 0.10/turn               (no ring)

@: lethally poisoned (0 -> -7), on berserk cooldown, attractive, hasted and
slowed
A: large, unfitting armour, claws 3, regeneration 1, shaggy fur 1, tough skin 1
a: Renounce Religion, Berserk, Trog's Hand


You were in an ossuary.
You worshipped Trog.
Trog was most pleased with you.
You visited 1 branch of the dungeon, and saw 4 of its levels.
You also visited: Ossuary.

You collected 170 gold pieces.

Inventory:

Armour
 a - a +1 animal skin (worn)
Jewellery
 l - a ring of protection from fire (left claw)
Wands
 o - a wand of polymorph (9)
Scrolls
 b - 3 scrolls of poison {unknown}
 e - 6 scrolls of identify {unknown}
 j - 2 scrolls of amnesia
 p - a scroll of enchant armour
Potions
 c - a potion of magic {unknown}
 d - 2 potions of haste
 f - a potion of invisibility {unknown}
 g - a potion of attraction
 h - a potion of curing {unknown}
 i - 2 potions of brilliance {unknown}
 k - 3 potions of heal wounds {unknown}
 m - 2 potions of might {unknown}
 n - 2 potions of flight {unknown}
 q - a potion of cancellation {unknown}


   Skills:
 + Level 4.7 Fighting
 + Level 4.7 Dodging
 * Level 7.6 Unarmed Combat


You had 7 spell levels left.
You didn't know any spells.
Your spell library was empty.

Dungeon Overview and Level Annotations

Branches:
Dungeon (6/15)            Ossuary (1/1)
 Temple: D:4-7

Altars:
Elyvilon
Vehumet

Shops:
D:1 ?   D:3 :


Innate Abilities, Weirdness & Mutations

You are too large for most types of armour.
You have claws for hands.
Your natural rate of healing is unusually fast.
You are covered in fur. (AC +1)
You have tough skin. (AC +1)


Message History

The scorpion poisons you!
You scratch the scorpion. Your claw misses the scorpion.
The scorpion is lightly wounded.
You feel very sick. The scorpion stings you.
* * * LOW HITPOINT WARNING * * *
The scorpion stings you.
* * * LOW HITPOINT WARNING * * *
You closely miss the scorpion.
The scorpion is lightly wounded.
You feel very sick. The scorpion stings you.
* * * LOW HITPOINT WARNING * * *
You mangle the scorpion!!
You kill the scorpion!
Trog accepts your kill.
* * * LOW HITPOINT WARNING * * *
You feel very sick. The scorpion stings you.
* * * LOW HITPOINT WARNING * * *
You claw the scorpion!
You kill the scorpion!
Trog accepts your kill.
* * * LOW HITPOINT WARNING * * *
You feel very sick.
You are no longer berserk.
You are exhausted.
You feel yourself slow down.
* * * LOW HITPOINT WARNING * * *
You feel very sick.
The kobold zombie hits you but does no damage.
There is an open door here.
You see here a scorpion corpse.
It was a potion of haste.
You feel yourself speed up.
* * * LOW HITPOINT WARNING * * *
You feel extremely sick.
The kobold zombie hits you but does no damage.
It was a potion of attraction.
You feel attractive to monsters.
You die...

####'###########'##
..#...#...#...#...#
..#...'...8...#...#
..#...#.......#...#
########8...8##...#
..#...#..††...#...#
..8...#...8...#...#
.†....#...#...#†.†#
8...8###'#######@##
......#...#M??#ZM.#
..8...'...#..!'...#
..#...#...#!!!#...#
###################


You could see a mummy and a kobold zombie.

Vanquished Creatures
  A phantom (D:6)
  14 scorpions (Ossuary)
  2 human zombies (Ossuary)
  3 scorpion zombies (Ossuary)
  Natasha (thrice) (D:3)
  2 mummies
  3 adders
  4 dart slugs
  5 orcs (D:3)
  An endoplasm (D:1)
  2 giant cockroaches
  3 goblins (D:1)
  3 hobgoblins
  2 jackals (D:1)
  2 kobolds (D:2)
  8 quokkas
  3 ball pythons
  4 bats
  5 frilled lizards (D:1)
  4 goblin zombies (Ossuary)
  2 hobgoblin zombies (Ossuary)
  A kobold zombie (Ossuary)
  2 orc zombies (Ossuary)
  A rat (D:3)
80 creatures vanquished.

Notes
Turn   | Place    | Note
-------+----------+-------------------------------------------
     0 | D:1      | sanboga the Troll Berserker began the quest for the Orb.
     0 | D:1      | Reached XP level 1. HP: 22/22 MP: 0/0
   225 | D:1      | Reached XP level 2. HP: 26/29 MP: 1/1
   473 | D:1      | Found a faded altar of an unknown god.
   635 | D:1      | Found Kuang's Magic Scroll Boutique.
   901 | D:1      | Reached ** piety under Trog
  1079 | D:2      | Reached XP level 3. HP: 35/36 MP: 2/2
  2039 | D:3      | Reached skill level 4 in Unarmed Combat
  2068 | D:3      | Found Qabrah's Vocational Training.
  2216 | D:3      | Reached XP level 4. HP: 44/44 MP: 3/3
  2268 | D:3      | Noticed Natasha
  2274 | D:3      | Killed Natasha
  2447 | D:3      | Noticed Natasha
  2453 | D:3      | Killed Natasha
  2454 | D:3      | Reached XP level 5. HP: 53/53 MP: 4/4
  2566 | D:3      | Noticed Natasha
  2569 | D:3      | Killed Natasha
  2620 | D:3      | You fall into a shaft and drop 3 floors!
  2641 | D:6      | Found a white marble altar of Elyvilon.
  2641 | D:6      | Found a radiant altar of Vehumet.
  2641 | D:6      | Noticed a phantom
  2645 | D:6      | Killed a phantom
  2646 | D:6      | Reached skill level 5 in Unarmed Combat
  2649 | D:6      | Noticed an ice beast
  2667 | D:6      | Found a sand-covered staircase.
  2675 | Ossuary  | Entered an ossuary
  2730 | Ossuary  | Reached XP level 6. HP: 44/61 MP: 5/5
  2830 | Ossuary  | Reached skill level 6 in Unarmed Combat
  2832 | Ossuary  | Reached XP level 7. HP: 45/68 MP: 6/6
  2961 | Ossuary  | Reached skill level 7 in Unarmed Combat
  2961 | Ossuary  | Reached *** piety under Trog
  3006 | Ossuary  | Reached XP level 8. HP: 78/79 MP: 7/7
  3018 | Ossuary  | HP: 2/79 [poisoned by a scorpion]
  3019 | Ossuary  | Succumbed to a scorpion's poison

Illustrated notes

Levels and vault maps discovered:
D:1:      doesnt_arrival_eight_statues, layout_loops_corners, serial_shops,
          shop, shapermc_ecumenical_altar_mp_ritualfount, dk_noncrumbling_3,
          minmay_cut_off
D:2:      layout_loops_corners, amethyst_killhole,
          chequers_serial_rivers_large_a, kennysheep_cluttered_room,
          minivault_5, roderic_roman_lattice, kennysheep_generic_room_2
D:3:      layout_loops_ring, nicolae_shop_vocational, uniq_natasha
D:6:      layout_rooms, jmf_multi_god_temple, mainiacjoe_overflow_tiny_flanked,
          gup_ossuary_entry_pyramid, minivault_27
Ossuary:  ossuary_minmay_scorpions

Skill      XL: |  1  2  3  4  5  6  7 |
---------------+----------------------+-----
Unarmed Combat | 4 5 6 7 |  7.6
Fighting       | 3 4 |  4.7
Dodging        | 3 4 |  4.7

Action                   |  1- 3 |  4- 6 |  7- 9 || total
-------------------------+-------+-------+-------++-------
Melee: Unarmed           |   114 |    83 |    67 ||   264
       Punch             |       |     1 |     6 ||     7
Invok: Berserk           |       |       |     1 ||     1
  Use: Scroll            |     1 |     6 |       ||     7
       Potion            |       |       |     2 ||     2
Armor: Animal skin       |    46 |    34 |    28 ||   108
Dodge: Dodged            |    68 |    75 |    38 ||   181
